 Dungeon Crawl Stone Soup version 0.30-a0-1161-g0704695555 (webtiles) character file.

Game seed: 1121555885212344679

96 zazu2006 the Magician (level 4, 0/37 HPs)
             Began as a Naga Hedge Wizard on Apr 27, 2023.
             Was an Initiate of Vehumet.
             Slain by a cerulean imp
             ... wielding a +0 spear
             ... summoned by Natasha
              (5 damage)
             ... on level 2 of the Dungeon.
             The game lasted 00:03:59 (2301 turns).

zazu2006 the Magician (Naga Hedge Wizard)           Turns: 2301, Time: 00:04:00

Health: 0/37       AC:  2    Str: 12    XL:     4   Next: 67%
Magic:  1/10       EV:  9    Int: 17    God:    Vehumet [......]
Gold:   113        SH:  0    Dex: 10    Spells: 5/11 levels left

rFire   . . .        a - +0 dagger
rCold   . . .        (no shield)
rNeg    . . .        b - +0 robe
rPois   +            c - +0 hat
rElec   .            (no cloak)
rCorr   .            (no gloves)
SInv    +            (no barding)
Will    +....        (no amulet)
Stlth   ++           o - ring of willpower
HPRegen 0.26/turn    (no ring)
MPRegen 0.12/turn

%: no passive effects
@: on blink cooldown, very slow
A: AC +1, large, see invisible, deformed body, poison resistance, slowness 2,
spit poison 1, naga tail 1
a: Spit Poison, Renounce Religion


You were on level 2 of the Dungeon.
You worshipped Vehumet.
Vehumet was noncommittal.
You visited 1 branch of the dungeon, and saw 2 of its levels.

You collected 113 gold pieces.

Inventory:

Hand Weapons
 a - a +0 dagger (weapon)
Armour
 b - a +0 robe (worn)
 c - a +0 hat (worn)
Jewellery
 o - a ring of willpower (left hand)
Scrolls
 f - 4 scrolls of identify {unknown}
 g - a scroll of vulnerability {unknown}
 i - a scroll of blinking {unknown}
 j - a scroll of enchant weapon {unknown}
 k - a scroll of silence {unknown}
 m - a scroll of brand weapon {unknown}
 p - a scroll of teleportation {unknown}
Potions
 d - a potion of magic
 e - 2 potions of curing {unknown}
 h - a potion of attraction {unknown}
 l - a potion of berserk rage {unknown}
 n - 2 potions of heal wounds {unknown}


   Skills:
 + Level 0.5 Fighting
 + Level 1.6 Dodging
 + Level 4.0 Stealth
 + Level 4.0 Spellcasting
 + Level 1.8 Conjurations
 + Level 1.4 Summonings
 + Level 1.0 Translocations
 * Level 1.4 Poison Magic


You had 5 spell levels left.
You knew the following spells:

 Your Spells              Type           Power      Damage    Failure   Level
a - Magic Dart            Conj           36%        1d4       8%          1
b - Mephitic Cloud        Conj/Pois/Air  7%         N/A       30%         3
d - Blink                 Tloc           12%        N/A       16%         2

Your spell library contained the following spells:

 Spells                   Type           Power      Damage    Failure   Level
 Call Imp                 Summ           16%        N/A       14%         2
 Slow                     Hex            12%        N/A       16%         1
 Cigotuvi's Dreadful Rot  Necr/Pois/Air  10%        N/A       21%         2
 Vhi's Electric Charge    Tloc/Air       10%        N/A       36%         3
 Arcjolt                  Conj/Air       3%         1d13      96%         5
 Plasma Beam              Fire/Air       1%         2x1d12    100%        6


Dungeon Overview and Level Annotations

Branches:
Dungeon (2/15)

Altars:
Vehumet

Annotations:
D:2 Natasha


Innate Abilities, Weirdness & Mutations

Your serpentine skin is tough. (AC +1)
You have supernaturally acute eyesight. (SInv)
Armour fits poorly on your strangely shaped body.
Your system is resistant to poisons. (rPois)
You cover ground very slowly.
You can spit poison.
You have a snake-like lower body.


Message History

Natasha is moderately wounded.
Natasha claws you!
The cerulean imp hits you but does no damage.
You barely miss Natasha.
Natasha is moderately wounded.
You have got your breath back.
Natasha wildly gestures.
Natasha's front paws start to glow.
Natasha claws you! The cerulean imp barely misses you.
Aiming: Spit Poison (1% risk of failure)
Press: ? - help, Shift-Dir - straight line, f/p - Natasha
Aim: Natasha (moderately wounded, 50% to hit)
The splash of poison misses Natasha.
Natasha mumbles some strange words.
The cerulean imp misses you.
Unknown command.
Casting: Magic Dart (safe; 8% risk of failure)
Confirm with . or Enter, or press ? or * to list all spells.
You blink.
The cerulean imp hits you from afar with a +2 spear.
Okay, then.
The cerulean imp hits you with a +0 spear.
* * * LOW HITPOINT WARNING * * *
Natasha mumbles some strange words.
Casting: Blink (safe; 16% risk of failure)
Confirm with . or Enter, or press ? or * to list all spells.
The spell is quite dangerous to miscast (30% risk of failure)!
Continue anyway? [Y]es or [N]o only, please.
The spell is quite dangerous to miscast (30% risk of failure)!
Continue anyway?
Aiming: Mephitic Cloud (quite dangerous; 30% risk of failure)
Press: ? - help, Shift-Dir - straight line, f/p - Natasha
Aim: Natasha (moderately wounded, chance to affect: 86%)
The ball explodes into a vile cloud!
The stinking cloud engulfs you but does no damage.
The stinking cloud engulfs the cerulean imp but does no damage.
You have got your breath back.
The cerulean imp hits you from afar with a +2 spear.
* * * LOW HITPOINT WARNING * * *
The cerulean imp hits you with a +0 spear.
You die...

.......###.............#######...
....##.##########.........####.##
...............................#
...........#####..........######
..........## #.###.#.#..#
........#.# #.###.#....#
.......##.## #.##......##
...........## #.##....###
....)....#..####@##....#
#........##....5○##....#
.........######5h#####.#
...............5..####.#### ###
.....<...#####..#§...#....##...##
.............#..####............#
#............>..#####............
##.#.#...........................
...#..###......#.......).........


You could see Natasha and 3 cerulean imps.

Vanquished Creatures
  Natasha (D:2)
  An adder (D:2)
  2 worms (D:2)
  2 dart slugs (D:1)
  5 ball pythons
  7 endoplasms
  3 giant cockroaches (D:1)
  5 goblins
  5 hobgoblins
  2 jackals (D:2)
  2 kobolds (D:1)
  3 quokkas
  6 bats
  A frilled lizard (D:2)
  2 rats
47 creatures vanquished.

Notes
Turn   | Place    | Note
-------+----------+-------------------------------------------
     0 | D:1      | zazu2006 the Naga Hedge Wizard began the quest for the Orb.
     0 | D:1      | Reached XP level 1. HP: 15/15 MP: 4/4
   194 | D:1      | Reached XP level 2. HP: 22/22 MP: 3/6
   627 | D:1      | Reached XP level 3. HP: 28/28 MP: 5/8
   664 | D:1      | Learned a level 3 spell: Mephitic Cloud
   667 | D:1      | Learned a level 2 spell: Blink
  1012 | D:1      | Found a radiant altar of Vehumet.
  1020 | D:1      | Became a worshipper of Vehumet
  1760 | D:2      | Reached XP level 4. HP: 31/37 MP: 1/9
  1876 | D:2      | Reached skill level 1 in Poison Magic
  2033 | D:2      | Noticed Natasha
  2037 | D:2      | Killed Natasha
  2287 | D:2      | Noticed Natasha
  2301 | D:2      | Slain by a cerulean imp

Illustrated notes

Levels and vault maps discovered:
D:1:      dpeg_arrival_refuge, layout_basic, minmay_misc_feat_pillars,
          minmay_hexomino_r4
D:2:      layout_rooms, corexii_item_surrounded_by_moat, uniq_natasha

Skill      XL: |  1  2  3  4 |
---------------+-------------+-----
Poison Magic   | 1 |  1.4
Stealth        | 4 |  4.0
Spellcasting   | 4 |  4.0
Fighting       | |  0.5
Dodging        | |  1.6
Conjurations   | |  1.8
Summonings     | |  1.4
Translocations | |  1.0

Action                     |  1- 3 |  4- 6 || total
---------------------------+-------+-------++-------
  Melee: Dagger            |    35 |     4 ||    39
   Cast: Magic Dart        |    93 |    26 ||   119
         Blink             |       |     4 ||     4
         Mephitic Cloud    |       |     1 ||     1
Ability: Spit Poison       |    14 |     4 ||    18
   Stab: Sleeping          |     1 |       ||     1
 Armour: Robe              |    10 |     4 ||    14
  Dodge: Dodged            |    27 |     4 ||    31

Table legend: (Time is in decaauts)
 A = Elapsed time spent in this place.
 B = Non-inter-level travel time spent in this place.
 C = Inter-level travel time spent in this place.
 D = Time resting spent in this place.
 E = Time spent auto-exploring this place.
 F = Levels seen in this place.
 G = Mean time per level.
                   A        B        C        D        E       F      G
               +--------+--------+--------+--------+--------+-----+--------+
         Total |   2713 |   2674 |     39 |      0 |   2312 |   2 | 1356.5 |
       Dungeon |   2713 |   2674 |     39 |      0 |   2312 |   2 | 1356.5 |
               +--------+--------+--------+--------+--------+-----+--------+

Top non-repeatable levels by time:
     D:1: 1704 daAuts
     D:2: 1009 daAuts
